 Dungeon Crawl Stone Soup version 0.26.1-2-gb8aa6d0cf2 (webtiles) character file.

Game seed: 4112439719032068015

1487 Gadfly the Charlatan (level 8, -1/58 HPs)
             Began as a Demonspawn Monk on Feb 8, 2021.
             Was an Elder of Hepliaklqana.
             Killed themself with a badly aimed iceblast (9 damage)
             ... on level 6 of the Dungeon.
             The game lasted 00:10:05 (7398 turns).

Gadfly the Charlatan (Demonspawn Monk)              Turns: 7398, Time: 00:10:06

Health: -1/58      AC: 16    Str: 13    XL:     8   Next: 50%
Magic:  12/12      EV:  4    Int: 11    God:    Hepliaklqana [****..]
Gold:   100        SH:  0    Dex: 17    Spells: 7/7 levels left

rFire    . . .     SeeInvis .   a - +0 war axe
rCold    + . .     Faith    .   (no shield)
rNeg     . . .     Spirit   .   l - +0 plate armour
rPois    .         Reflect  .   u - +1 helmet
rElec    .         Harm     .   (no cloak)
rCorr    .         Rampage  .   (gloves unavailable)
Will     +....     Clarity  +   p - +1 pair of boots {Stlth+}
Stlth    ..........             (no amulet)
HPRegen  0.19/turn              f - ring of willpower
MPRegen  0.13/turn              (no ring)

@: lethally poisoned (-1 -> -7)
A: reduced essence, claws 3, talons 1, clarity, cold resistance 1, robust 1
a: Renounce Religion, Recall Ancestor, Ancestor Identity, Transference, Idealise


You were on level 6 of the Dungeon.
You worshipped Hepliaklqana.
Hepliaklqana was greatly pleased with you.
You visited 1 branch of the dungeon, and saw 7 of its levels.

You collected 280 gold pieces.
You spent 180 gold pieces at shops.

Inventory:

Hand Weapons
 a - a +0 war axe (weapon)
 b - a +0 broad axe
Armour
 l - a +0 plate armour (worn)
 p - a +1 pair of boots of stealth (worn)
 u - a +1 helmet (worn)
Jewellery
 f - a ring of willpower (left claw)
Wands
 e - a wand of random effects (20) (quivered)
 r - a wand of flame (13)
Scrolls
 g - a scroll of magic mapping
 h - 4 scrolls of fog
 k - 4 scrolls of remove curse
 m - a scroll of enchant weapon
 s - a scroll of teleportation
Potions
 c - a potion of invisibility {unknown}
 d - a potion of flight
 i - 2 potions of mutation
 j - 3 potions of curing
 n - a potion of heal wounds
 o - a potion of ambrosia
 q - a potion of attraction
 t - a potion of cancellation {unknown}


   Skills:
 - Level 3.0 Fighting
 + Level 4.7 Axes
 * Level 5.3 Armour
 - Level 2.6 Dodging
 - Level 1.7 Stealth
 + Level 5.7 Invocations
 * Level 5.9 Evocations


You had 7 spell levels left.
You didn't know any spells.
Your spell library was empty.

Dungeon Overview and Level Annotations

Branches:
Dungeon (7/15)             Temple (0/1) D:4

Altars:
Cheibriados
Fedhas
Hepliaklqana
Uskayaw

Shops:
D:4 [


Innate Abilities, Weirdness & Mutations

You have claws for hands.
Your flesh is cold resistant. (rC+)
Your life essence is reduced to manifest your ancestor. (-10% HP)
You have sharp toenails.
You possess an exceptional clarity of mind.
You are robust. (+10% HP)


Message History

Something stings you but does no damage. x2
Unknown command.
You miss something.
Something stings you but does no damage.
Something stings you.
* * * LOW HITPOINT WARNING * * *
You completely miss something. Something stings you.
* * * LOW HITPOINT WARNING * * *
You are poisoned.
Something poisons you! Something stings you.
* * * LOW HITPOINT WARNING * * *
Something completely misses you.
Unknown command.
Aiming: Random Effects
Press: ? - help, Shift-Dir - straight line The mass of ice explodes!
The iceblast engulfs something!!
Reactivating autopickup.
You feel a bit more experienced. The iceblast engulfs you!
You partially resist.
You die...

....####..#.##.#
###.........##.#
######..####.#
#..####.# ##.......#
#......### #.#.##.#
#.#.##.##########
#.#.#.....@†....# ##
####.#.#..########.####
.###.........#
#........#
#.#..........#
#.###.##.#
.............# #.#
#.##.# ........#.#.##
#.# #.##.#
.###...##.#.# #.#
#....# .# #........#
#.# ###..# .#
#.####'### #.# #..#


There were no monsters in sight!

Vanquished Creatures
  A phantom (D:5)
  An ogre (D:6)
  A centaur (D:6)
  A bullfrog (D:6)
  2 killer bees (D:6)
  A hound (D:5)
  A centaur zombie (D:6)
  An iguana (D:4)
  An orc wizard (D:4)
  2 worker ants
  A hound skeleton (D:2)
  Robin (D:2)
  6 adders
  An ooze (D:2)
  An adder skeleton (D:4)
  An adder zombie (D:6)
  4 worms
  A dart slug (D:2)
  3 leopard geckos
  6 orcs
  2 ball pythons
  4 giant cockroaches
  13 goblins
  7 hobgoblins
  5 jackals
  2 quokkas (D:3)
  3 bats
  6 frilled lizards
  A jackal skeleton (D:5)
  4 kobolds
  A leopard gecko skeleton (D:6)
  8 rats
93 creatures vanquished.

Vanquished Creatures (collateral kills)
  Menkaure (D:6)
  A black bear (D:6)
  A sky beast (D:5)
  3 scorpions
  A jelly (D:5)
  2 orc priests (D:4)
  A hound (D:5)
  An orc wizard (D:4)
  An iguana (D:4)
  2 worker ants (D:4)
  6 adders
  A shadow imp (D:5)
  An ooze (D:4)
  A leopard gecko (D:5)
  7 orcs
  3 bats (D:3)
  A hobgoblin (D:3)
  2 jackals (D:3)
  3 quokkas
  A quokka skeleton (D:4)
  A rat (D:3)
41 creatures vanquished.

Vanquished Creatures (others)
  A battlemage (D:7)
  3 plants (D:3)
4 creatures vanquished.

Grand Total: 138 creatures vanquished

Notes
Turn   | Place    | Note
-------+----------+-------------------------------------------
     0 | D:1      | Gadfly the Demonspawn Monk began the quest for the Orb.
     0 | D:1      | Reached XP level 1. HP: 18/18 MP: 1/1
   350 | D:1      | Reached skill level 1 in Invocations
   369 | D:1      | Gained mutation: Your flesh is cold resistant. (rC+)
                  | [demonic ancestry]
   369 | D:1      | Reached XP level 2. HP: 24/24 MP: 2/2
   764 | D:1      | Reached skill level 1 in Evocations
   981 | D:1      | Gained mutation: You are dopey. (Int -2) [potion of
                  | mutation]
   981 | D:1      | Gained mutation: You do not regenerate when monsters are
                  | visible. [potion of mutation]
   981 | D:1      | Gained mutation: Your flesh is very cold resistant. (rC++)
                  | [potion of mutation]
   982 | D:1      | Lost mutation: You are dopey. (Int -2) [potion of mutation]
   982 | D:1      | Lost mutation: Your flesh is very cold resistant. (rC++)
                  | [potion of mutation]
   982 | D:1      | Lost mutation: You do not regenerate when monsters are
                  | visible. [potion of mutation]
   982 | D:1      | Gained mutation: You possess an exceptional clarity of
                  | mind. [potion of mutation]
   982 | D:1      | Gained mutation: You have sharp toenails. [potion of
                  | mutation]
   982 | D:1      | Gained mutation: You are robust. (+10% HP) [potion of
                  | mutation]
  1125 | D:2      | Noticed Robin
  1137 | D:2      | Reached skill level 1 in Armour
  1147 | D:2      | Killed Robin
  1148 | D:2      | Reached XP level 3. HP: 13/31 MP: 4/4
  1372 | D:2      | Found a snail-covered altar of Cheibriados.
  1499 | D:2      | Gained mutation: You have sharp fingernails. [demonic
                  | ancestry]
  1499 | D:2      | Reached XP level 4. HP: 13/38 MP: 5/5
  1908 | D:2      | You fall into a shaft and drop 1 floor!
  2321 | D:2      | Found a faded altar of an unknown god.
  2328 | D:2      | Became a worshipper of Hepliaklqana the Forgotten
  2328 | D:2      | Reached * piety under Hepliaklqana
  2328 | D:2      | Reached ** piety under Hepliaklqana
  2359 | D:2      | Remembered your ancestor Meat Ghost as a battlemage
  2968 | D:3      | Gained mutation: You have very sharp fingernails. [demonic
                  | ancestry]
  2968 | D:3      | Reached XP level 5. HP: 33/41 MP: 7/7
  3057 | D:3      | Reached *** piety under Hepliaklqana
  3914 | D:4      | Found a staircase to the Ecumenical Temple.
  3920 | D:4      | Gained mutation: You have claws for hands. [demonic
                  | ancestry]
  3920 | D:4      | Reached XP level 6. HP: 38/47 MP: 8/8
  4397 | D:4      | Found Ovveyxin's Antique Armour Boutique.
  4406 | D:4      | Bought a pair of glowing boots for 180 gold pieces
  4652 | D:4      | Reached **** piety under Hepliaklqana
  4676 | D:4      | Found a hide-covered altar of Uskayaw.
  4813 | D:5      | Entered Level 5 of the Dungeon
  4826 | D:5      | Reached XP level 7. HP: 49/52 MP: 8/10
  5124 | D:5      | Found a hazy altar of Hepliaklqana.
  5188 | D:5      | Found a blossoming altar of Fedhas.
  5870 | D:6      | Reached skill level 5 in Evocations
  5922 | D:6      | Reached skill level 5 in Invocations
  5922 | D:6      | Reached XP level 8. HP: 18/58 MP: 11/11
  6038 | D:6      | Found a glowing drain.
  6555 | D:6      | Noticed Menkaure
  6562 | D:6      | Killed Menkaure
  6563 | D:6      | Reached skill level 5 in Armour
  7398 | D:6      | Killed themself with a badly aimed iceblast

Illustrated notes

Levels and vault maps discovered:
D:1:      lightli_arrival_windingriver, layout_basic, serial_forest,
          infiniplex_forest_clump_large, infiniplex_forest_clump_tiny,
          infiniplex_forest_lined_2, infiniplex_forest_zigzag_1,
          infiniplex_forest_straight_5, infiniplex_forest_lined_4_way,
          hangedman_decor_growths
D:2:      layout_loops_corners, lemuel_round_altar,
          chequers_ecumenical_altar_twisty, uniq_robin
D:3:      minmay_door_path, layout_rooms, serial_bayou, serial_bayou_crossing,
          serial_bayou_lake_a, serial_bayou_pond_a, serial_bayou_ford_a
D:4:      layout_loops_ring, lemuel_round_altar, minmay_temple_entry_junction,
          serial_shops, nicolae_shop_trees, kennysheep_dice
D:5:      layout_layer_cave, kennysheep_mini_moat, basic_altar
D:6:      layout_loops_corners, gup_sewer_entry_spiral, uniq_menkaure
D:7:      layout_gridville, lemuel_doored_altar, uniq_harold,
          uniq_crazy_yiuf_cottage

Skill      XL: |  1  2  3  4  5  6  7  8 |
---------------+-------------------------+-----
Invocations    | 1 2 3 4 5 |  5.7
Evocations     | 1 2 3 4 5 |  5.9
Armour         | 1 2 3 4 5 |  5.3
Axes           | 3 4 |  4.7
Fighting       | |  3.0
Dodging        | |  2.6
Stealth        | |  1.7

Action                   |  1- 3 |  4- 6 |  7- 9 || total
-------------------------+-------+-------+-------++-------
Melee: Hand axe          |    84 |   147 |    12 ||   243
       Kick              |    11 |    37 |       ||    48
       War axe           |       |       |    97 ||    97
       Broad axe         |       |       |    35 ||    35
Invok: Ancestor Life: Ba |       |     1 |       ||     1
       Ancestor Identity |       |     1 |       ||     1
       Recall Ancestor   |       |       |     1 ||     1
Evoke: Wand              |       |     1 |     1 ||     2
  Use: Scroll            |     5 |     7 |     4 ||    16
       Potion            |     3 |       |     1 ||     4
 Stab: Sleeping          |     2 |       |       ||     2
       Distracted        |       |     1 |     1 ||     2
Armor: Robe              |     4 |       |       ||     4
       Chain mail        |    46 |    37 |       ||    83
       Plate armour      |       |    83 |   181 ||   264
Dodge: Dodged            |    33 |    36 |    36 ||   105
